 Dungeon Crawl Stone Soup version 0.25.1-2-g60ff931df9 (webtiles) character file.

Game seed: 9025846034901505283

3135 solopath the Frost Mage (level 9, -4/57 HPs)
             Began as a Barachi Ice Elementalist on Nov 3, 2020.
             Was a Believer of Okawaru.
             Slain by a four-headed hydra (9 damage)
             ... on level 9 of the Dungeon.
             The game lasted 00:19:37 (9028 turns).

solopath the Frost Mage (Barachi Ice Elementalist)  Turns: 9028, Time: 00:19:37

Health: -4/57      AC:  9    Str: 11    XL:     9   Next: 92%
Magic:  14/18      EV: 15    Int: 18    God:    Okawaru [**....]
Gold:   275        SH:  0    Dex: 12    Spells: 7/20 levels left

rFire    + . .     SeeInvis .   L - +0 scimitar (flame)
rCold    . . .     Gourm    .   (no shield)
rNeg     . . .     Faith    .   E - +0 robe {MR+}
rPois    +         Spirit   .   m - +1 helmet
rElec    .         Reflect  .   o - +2 cloak {rPois}
rCorr    .         Harm     .   y - +0 pair of gloves
MR       +....                  (no boots)
Stlth    +++++.....             (no amulet)
HPRegen  0.19/turn              (no ring)
MPRegen  0.16/turn              t - ring of protection from fire

@: heroism, frozen ramparts, slow
A: +LOS, swims, slowness 1, strong legs 1
a: Hop, Heroism, Renounce Religion


You were on level 9 of the Dungeon.
You worshipped Okawaru.
Okawaru was pleased with you.
You were not hungry.

You visited 2 branches of the dungeon, and saw 10 of its levels.

You collected 483 gold pieces.
You spent 208 gold pieces at shops.

Inventory:

Hand Weapons
 i - a +0 dagger
 j - a +0 short sword
 k - the +10 trident "Moazosoq" {drain, +Fly rC+ Int+2}
   (You found it on level 6 of the Dungeon)

   A truly terrible weapon, it drains the life of those it strikes.
   It affects your intelligence (+2).
   It protects you from cold.
   It lets you fly.
 L - a +0 scimitar of flaming (weapon)
Missiles
 q - 12 boomerangs (quivered)
 x - 2 throwing nets
Armour
 m - a +1 helmet (worn)
 o - a +2 cloak of poison resistance (worn)
 y - a +0 pair of gloves (worn)
 E - a +0 robe of magic resistance (worn)
 M - a +1 robe
Jewellery
 t - a ring of protection from fire (right hand)
 u - an uncursed ring of resist corrosion
Wands
 a - a wand of flame (40)
 w - a wand of polymorph (14)
 F - a wand of digging (7)
 I - a wand of enslavement (9)
 J - a wand of iceblast (12)
 K - a wand of paralysis (10)
Scrolls
 b - 3 scrolls of identify {unknown}
 e - a scroll of remove curse
 g - a scroll of enchant armour {unknown}
 h - 3 scrolls of teleportation
 l - 3 scrolls of magic mapping {unknown}
 p - a scroll of amnesia {unknown}
 r - 4 scrolls of fear {unknown}
 s - 3 scrolls of enchant weapon {unknown}
 D - a scroll of blinking {unknown}
Potions
 d - 2 potions of curing {unknown}
 f - 4 potions of brilliance
 n - a potion of invisibility
 v - a potion of degeneration {unknown}
 z - 5 potions of haste {unknown}
 A - a potion of stabbing {unknown}
 B - 3 potions of mutation
 C - 3 potions of ambrosia
 H - a potion of might {unknown}
Comestibles
 c - 16 rations


   Skills:
 + Level 5.5(10.5) Short Blades
 - Level 2.1(7.1) Dodging
 + Level 6.2(11.2) Stealth
 + Level 6.3 Spellcasting
 - Level 3.0 Summonings
 * Level 11.2 Ice Magic
 + Level 0.9 Invocations


You had 7 spell levels left.
You knew the following spells:

 Your Spells              Type           Power        Failure   Level  Hunger
a - Freeze                Ice            ####         1%          1    None
b - Frozen Ramparts       Ice            #####.       1%          3    ##.....
c - Hailstorm             Conj/Ice       ####....     12%         4    ####...
d - Summon Ice Beast      Ice/Summ       ####....     6%          4    ####...
e - Shock                 Conj/Air       #...         12%         1    None

Your spell library contained the following spells:

 Spells                   Type           Power        Failure   Level  Hunger
 Summon Small Mammal      Summ           ###.         3%          1    None
 Ozocubu's Armour         Chrm/Ice       ####....     3%          3    ##.....
 Call Imp                 Summ           ###.....     4%          2    None
 Call Canine Familiar     Summ           ###.....     10%         3    ##.....
 Swiftness                Chrm/Air       #.......     17%         2    None
 Summon Guardian Golem    Hex/Summ       ##......     19%         3    ##.....
 Static Discharge         Conj/Air       #.......     34%         3    ##.....
 Summon Lightning Spire   Summ/Air       ##......     52%         4    ####...
 Airstrike                Air            #.........   75%         4    ####...
 Lightning Bolt           Conj/Air       #.........   97%         5    #####..


Dungeon Overview and Level Annotations

Branches:
Dungeon (9/15)             Temple (1/1) D:6
   Lair: D:8-11         Orc: D:9-12

Altars:
Ashenzari
Cheibriados
Dithmenos
Elyvilon
Fedhas
Gozag
Hepliaklqana
Kikubaaqudgha
Makhleb
Nemelex Xobeh
Okawaru
Qazlal
Ru
Sif Muna
Trog
Uskayaw
Wu Jian
Xom
Yredelemnul
Zin
The Shining One

Shops:
D:5 !   D:6 }

Annotations:
D:3 1 runed translucent door, Cheops's ghost, amateur DsFi


Innate Abilities, Weirdness & Mutations

You can be seen from farther away. (+LOS)
You can swim through water.
You cover ground slowly.
You can hop short distances.


Message History

Unknown command.
You lop one of the five-headed hydra's heads off!
The flame cauterises the wound!
You hit the four-headed hydra. You burn the four-headed hydra.
The four-headed hydra is almost dead.
The hungry ghost resists.
The wall freezes the hungry ghost.
The wall freezes the four-headed hydra!
The four-headed hydra seems to slow down.
The four-headed hydra closely misses you.
The four-headed hydra barely misses you.
The four-headed hydra bites you! The four-headed hydra bites you.
You barely miss the four-headed hydra.
The four-headed hydra is almost dead.
The hungry ghost resists.
The wall freezes the hungry ghost.
The wall freezes the four-headed hydra.
The four-headed hydra bites you but does no damage.
The four-headed hydra bites you!
* * * LOW HITPOINT WARNING * * *
The four-headed hydra bites you!
You die...

#.......# .##?......#
.........# #.......#
#.......# #.......#####
#<..........
####.###.......#########
>..............@.......$
###############D##.#####
.W% #...# #...# #.$.#
#..## #..# #..#


You could see a four-headed hydra (slow) and a hungry ghost.

Vanquished Creatures
  Erica (D:8)
  Grinder (D:5)
  Prince Ribbit (D:5)
  A black bear (D:8)
  2 phantoms
  3 ogres
  4 sky beasts
  A centaur (D:8)
  A bullfrog (D:7)
  Blork the orc (D:5)
  2 scorpions
  A wyvern skeleton (D:6)
  3 killer bees (D:7)
  A howler monkey (D:7)
  2 crimson imps
  A bullfrog zombie (D:8)
  3 hounds
  An orc priest (D:8)
  An orc wizard (D:5)
  Crazy Yiuf (D:3)
  A bullfrog skeleton (D:5)
  2 worker ants
  A hound zombie (D:7)
  A hound skeleton (D:6)
  7 gnolls
  6 adders
  2 adder skeletons
  4 worms
  2 dart slugs
  6 leopard geckos
  24 orcs
  A bat (D:1)
  11 giant cockroaches
  7 goblins
  8 hobgoblins
  7 jackals
  4 quokkas
  3 ball pythons
  2 frilled lizards
  A jackal skeleton (D:6)
  2 jackal zombies
  5 kobolds
  A quokka skeleton (D:4)
  8 rats
148 creatures vanquished.

Vanquished Creatures (collateral kills)
  Maggie (D:6)
1 creature vanquished.

Vanquished Creatures (others)
  An orc (D:6)
  A plant (D:9)
2 creatures vanquished.

Grand Total: 151 creatures vanquished

Notes
Turn   | Place    | Note
-------+----------+-------------------------------------------
     0 | D:1      | solopath the Barachi Ice Elementalist began the quest for
                  | the Orb.
     0 | D:1      | Reached XP level 1. HP: 13/13 MP: 3/3
    86 | D:1      | Reached skill level 5 in Ice Magic
   211 | D:1      | Reached XP level 2. HP: 19/19 MP: 3/5
   717 | D:1      | Reached XP level 3. HP: 18/24 MP: 0/6
  1286 | D:1      | Learned a level 3 spell: Frozen Ramparts
  1671 | D:2      | Reached skill level 6 in Ice Magic
  1671 | D:2      | Reached XP level 4. HP: 30/30 MP: 5/8
  2097 | D:2      | Found a shadowy altar of Dithmenos.
  2145 | D:2      | Reached XP level 5. HP: 19/35 MP: 2/9
  2834 | D:3      | Noticed Cheops's ghost (amateur DsFi)
  3219 | D:3      | Found a runed translucent door.
  3364 | D:3      | Reached XP level 6. HP: 41/41 MP: 9/11
  3699 | D:3      | Found a runed translucent door.
  3700 | D:3      | Noticed Crazy Yiuf
  3708 | D:3      | Killed Crazy Yiuf
  3708 | D:3      | Reached skill level 7 in Ice Magic
  3807 | D:4      | Learned a level 4 spell: Hailstorm
  3812 | D:4      | Learned a level 4 spell: Summon Ice Beast
  3987 | D:4      | Found a shimmering altar of Xom.
  4086 | D:4      | Reached skill level 1 in Short Blades
  4086 | D:4      | Reached skill level 1 in Summonings
  4086 | D:4      | Reached XP level 7. HP: 23/46 MP: 5/12
  4519 | D:5      | Entered Level 5 of the Dungeon
  4583 | D:5      | Noticed Prince Ribbit
  4595 | D:5      | Killed Prince Ribbit
  4595 | D:5      | Reached skill level 8 in Ice Magic
  4975 | D:5      | Noticed Blork the orc
  4985 | D:5      | Killed Blork the orc
  5155 | D:5      | Reached XP level 8. HP: 44/52 MP: 11/14
  5409 | D:5      | Found Zomotu's Distillery.
  5418 | D:5      | Bought a potion of mutation for 104 gold pieces
  5418 | D:5      | Bought a potion of ambrosia for 104 gold pieces
  5418 | D:5      | Noticed Grinder
  5419 | D:5      | Paralysed by Grinder for 4 turns
  5439 | D:5      | Paralysed by Grinder for 6 turns
  5873 | D:5      | Killed Grinder
  5873 | D:5      | Reached skill level 9 in Ice Magic
  6365 | D:6      | Reached skill level 5 in Spellcasting
  6654 | D:6      | Found a staircase to the Ecumenical Temple.
  6665 | Temple   | Entered the Ecumenical Temple
  6830 | Temple   | Became a worshipper of Warmaster Okawaru
  7094 | D:6      | Reached skill level 5 in Stealth
  7111 | D:6      | Noticed Maggie
  7131 | D:6      | Killed Maggie
  7131 | D:6      | Reached XP level 9. HP: 21/57 MP: 6/17
  7322 | D:6      | Found Fiaceile's Gadget Shop.
  7414 | D:6      | Found a hazy altar of Hepliaklqana.
  7480 | D:6      | Found a hide-covered altar of Uskayaw.
  7483 | D:6      | Found a glowing silver altar of Zin.
  7487 | D:6      | Found a bloodstained altar of Trog.
  7556 | D:6      | Got a transparent trident
  7557 | D:6      | Identified the +10 trident "Moazosoq" {drain, +Fly rC+
                  | Int+2} (You found it on level 6 of the Dungeon)
  7704 | D:7      | Reached skill level 10 in Ice Magic
  8319 | D:8      | Noticed Erica
  8566 | D:8      | Killed Erica
  8566 | D:8      | Reached * piety under Okawaru
  8566 | D:8      | Reached skill level 5 in Short Blades
  8566 | D:8      | Reached skill level 11 in Ice Magic
  8578 | D:8      | Learned a level 1 spell: Shock
  8779 | D:8      | Reached ** piety under Okawaru
  9021 | D:9      | Noticed an eight-headed hydra
  9028 | D:9      | Slain by a four-headed hydra

Illustrated notes

Levels and vault maps discovered:
D:1:      dpeg_arrival_rooms_c, layout_loops_ring
D:2:      layout_loops_corners, minmay_misc_feat_plants, grunt_dithmenos_smoke
D:3:      layout_basic, first_ration, hellmonk_ghost_happy_afterlife,
          serial_park_tiny_1, chequers_serial_rivers_micro_b,
          uniq_crazy_yiuf_cottage
D:4:      layout_cave_pools, old_standard_altar
D:5:      layout_layer_cave, serial_shops, shop, uniq_grinder,
          uniq_blork_the_orc, uniq_prince_ribbit1
D:6:      layout_basic, lemuel_crystal_altar, grunt_temple_overflow_diamond,
          minmay_temple_entry_waves, serial_shops, nicolae_shop_stone,
          uniq_maggie
D:7:      layout_loops_ring
D:8:      layout_rooms, uniq_erica
D:9:      minmay_sliced_demisemicircle, layout_basic, fiery_altar_vehumet,
          minmay_lair_entry_grove, uniq_pikel
Temple:   eino_temple_scatter_basement

Skill      XL: |  1  2  3  4  5  6  7  8  9 |
---------------+----------------------------+-----
Ice Magic      | 5 6 7 8 9 11 | 11.2
Stealth        | 2 3 4 5 6 |  6.2
Spellcasting   | 3 4 5 6 |  6.3
Short Blades   | 1 2 4 5 |  5.5
Summonings     | 1 2 3 |  3.0
Dodging        | |  2.1
Invocations    | |  0.9

Action                   |  1- 3 |  4- 6 |  7- 9 || total
-------------------------+-------+-------+-------++-------
Melee: Whip              |    10 |       |       ||    10
       Unarmed           |     2 |       |       ||     2
       Dagger            |    18 |       |       ||    18
       Short sword       |    21 |    60 |   113 ||   194
       Trident           |       |       |    45 ||    45
       Scimitar          |       |       |    26 ||    26
Throw: Boomerang         |       |     2 |    14 ||    16
 Cast: Freeze            |    34 |    41 |    31 ||   106
       Frozen Ramparts   |     1 |    14 |    18 ||    33
       Summon Ice Beast  |       |       |     7 ||     7
       Shock             |       |       |     2 ||     2
Invok: Heroism           |       |       |     1 ||     1
 Abil: Hop               |     1 |     2 |     2 ||     5
Evoke: Wand              |       |       |     1 ||     1
  Use: Scroll            |     2 |     2 |       ||     4
       Potion            |       |       |     2 ||     2
 Stab: Sleeping          |     5 |     3 |    12 ||    20
  Eat: Chunk             |     3 |    10 |    12 ||    25
       Ration            |       |       |     2 ||     2
Armor: Robe              |    11 |    26 |    52 ||    89
Dodge: Dodged            |    40 |    50 |   100 ||   190
       Rpst.: Scimitar   |       |       |     5 ||     5
